 Dungeon Crawl Stone Soup version 0.31-a0-703-gcfe89afef6 (webtiles) character file.

Game seed: 3252587524849323938

786 Pooter the Chopper (level 7, 0/62 HPs)
             Began as a Minotaur Monk on Sept 9, 2023.
             Succumbed to a water moccasin's poison
             ... on level 5 of the Dungeon.
             The game lasted 00:17:04 (5462 turns).

Pooter the Chopper (Minotaur Monk)                  Turns: 5462, Time: 00:17:05

Health: 0/62       AC: 19    Str: 17    XL:     7   Next: 56%
Magic:  6/6        EV:  8    Int:  7    God:
Gold:   139        SH:  0    Dex: 13    Spells: 6/6 levels left

rFire   . . .        a - +0 halberd (protect)
rCold   . . .        (shield currently unavailable)
rNeg    . . .        l - +0 chain mail
rPois   .            (helmet restricted)
rElec   .            (no cloak)
rCorr   .            (no gloves)
SInv    .            (no boots)
Will    .....        (no amulet) Stlth
                     s - +4 ring of protection
HPRegen 0.30/turn    (no ring)
MPRegen 0.10/turn

%: no passive effects
@: lethally poisoned (0 -> -9), under a protective aura
A: horns 2, retaliatory headbutt
a: no special abilities


You were on level 5 of the Dungeon.
You visited 1 branch of the dungeon, and saw 5 of its levels.

You collected 298 gold pieces.
You spent 159 gold pieces at shops.

Inventory:

Hand Weapons
 a - a +0 halberd of protection (weapon)
   (You took it off a gnoll on level 5 of the Dungeon)
 b - a +2 orcbow of freezing
   (You bought it in a shop on level 3 of the Dungeon)
 o - a +0 hand axe
Missiles
 Q - 38 stones (quivered)
Armour
 d - an orb of light
 l - a +0 chain mail (worn)
   (You took it off a hobgoblin on level 2 of the Dungeon)
Jewellery
 s - a +4 ring of protection (left hand)
   (You found it on level 4 of the Dungeon)
Scrolls
 f - 2 scrolls of teleportation {unknown}
 j - 2 scrolls of noise {!r}
 k - a scroll of vulnerability {!r}
 m - a scroll of enchant weapon
 p - a scroll of fog {unknown}
Potions
 c - 2 potions of lignification {unknown}
 e - a potion of degeneration {unknown}
 g - 2 potions of enlightenment {unknown}
 h - 2 potions of curing {unknown}
 i - a potion of haste {unknown}
 n - a potion of berserk rage {unknown}
 q - a potion of might {unknown}
 r - a potion of attraction {unknown}


   Skills:
 + Level 5.9 Fighting
 * Level 7.6 Axes
 * Level 4.6 Ranged Weapons
 - Level 4.1 Dodging


You had 6 spell levels left.
You didn't know any spells.
Your spell library contained the following spells:

 Spells                   Type           Power      Damage    Failure   Level
 Foxfire                  Conj/Fire      0%         2x1d4     99%         1
 Static Discharge         Conj/Air       0%         2-2/arc   100%        2
 Airstrike                Air            0%         2d(0-16)  100%        4
 Summon Lightning Spire   Summ/Air       0%         N/A       100%        4
 Plasma Beam              Fire/Air       0%         2x1d10    100%        6
 Starburst                Conj/Fire      0%         6d3       100%        6


Dungeon Overview and Level Annotations

Branches:
Dungeon (5/15) Zot: 24411
 Temple: D:4-7

Altars:
Fedhas
Gozag
Nemelex Xobeh
Sif Muna
Uskayaw
Vehumet

Shops:
D:3 *


Innate Abilities, Weirdness & Mutations

You have a pair of horns on your head.
You reflexively headbutt those who attack you in melee.


Message History

The water moccasin poisons you!
You closely miss the water moccasin. You headbutt the water moccasin.
You feel extremely sick.
The water moccasin bites you but does no damage.
The water moccasin bites you.
You closely miss the water moccasin.
You feel very sick.
The water moccasin bites you but does no damage. x2
You are too injured to fight recklessly!
You are too injured to fight recklessly!
You are too injured to fight recklessly!
You are too injured to fight recklessly!
You barely miss the water moccasin.
You feel very sick.
The water moccasin completely misses you.
You furiously retaliate!
You headbutt the water moccasin. You closely miss the water moccasin.
You headbutt the water moccasin!
You feel very sick.
The water moccasin bites you but does no damage.
The water moccasin barely misses you.
You closely miss the water moccasin.
You feel very sick.
The water moccasin bites you but does no damage.
The water moccasin bites you.
* * * LOW HITPOINT WARNING * * *
You are more poisoned.
The water moccasin poisons you!
You closely miss the water moccasin.
Your headbutt misses the water moccasin.
* * * LOW HITPOINT WARNING * * *
You feel extremely sick.
The water moccasin bites you but does no damage.
The water moccasin completely misses you.
You barely miss the water moccasin.
Your headbutt misses the water moccasin.
* * * LOW HITPOINT WARNING * * *
You feel very sick. The water moccasin bites you.
* * * LOW HITPOINT WARNING * * *
The water moccasin bites you but does no damage.
You slash the water moccasin!
Your weapon exudes an aura of protection.
You headbutt the water moccasin, but do no damage.
* * * LOW HITPOINT WARNING * * *
You feel very sick. The water moccasin bites you.
* * * LOW HITPOINT WARNING * * *
You miss the water moccasin.
Your headbutt misses the water moccasin.
You die...

........##### #........(..#
#...........# #...........#
######### #...........#
#.......## #.........#
#.....)... ##....S....#
#......... ##<....@....#
#......... #...........#
#......... #.......$...#
#......... #.####.........#
#......... #..#.+.........#
#......... #....#.........#
#.........
#....#.........#######.....
#........########......##..
+....#.#.########'#######..


You could see a water moccasin.

Vanquished Creatures
  An ice beast (D:5)
  2 ogres
  A centaur (D:5)
  A phantom (D:4)
  A scorpion (D:4)
  A hound (D:4)
  Natasha (twice) (D:2)
  8 gnolls
  5 adders (D:2)
  A white imp (D:5)
  3 worms (D:2)
  3 dart slugs
  9 orcs
  9 ball pythons
  6 endoplasms
  2 giant cockroaches (D:2)
  12 hobgoblins
  2 jackals (D:1)
  9 kobolds
  7 quokkas
  3 bats
  3 frilled lizards (D:2)
  6 goblins
  5 rats
102 creatures vanquished.

Notes
Turn   | Place    | Note
-------+----------+-------------------------------------------
     0 | D:1      | Pooter the Minotaur Monk began the quest for the Orb.
     0 | D:1      | Reached XP level 1. HP: 19/19 MP: 0/0
   221 | D:1      | Reached skill level 4 in Axes
   222 | D:1      | Reached XP level 2. HP: 27/27 MP: 1/1
   758 | D:1      | Reached XP level 3. HP: 27/33 MP: 2/2
  1061 | D:2      | Reached skill level 5 in Axes
  1061 | D:2      | Reached XP level 4. HP: 41/41 MP: 3/3
  1148 | D:2      | Found a shimmering blue altar of Sif Muna.
  1347 | D:2      | Noticed Natasha
  1353 | D:2      | Killed Natasha
  1658 | D:2      | Reached XP level 5. HP: 47/47 MP: 4/4
  1701 | D:2      | Noticed Natasha
  1709 | D:2      | Killed Natasha
  1710 | D:2      | Reached skill level 1 in Ranged Weapons
  2166 | D:2      | Found a faded altar of an unknown god.
  2557 | D:3      | Found a radiant altar of Vehumet.
  3068 | D:3      | Found Duhujif's Assorted Antiques.
  3072 | D:3      | Bought a glowing orcbow for 123 gold pieces
  3089 | D:3      | Found a hide-covered altar of Uskayaw.
  3089 | D:3      | Found an opulent altar of Gozag.
  3166 | D:3      | Reached skill level 6 in Axes
  3464 | D:3      | Bought a scroll labelled BIACUNOSIA for 19 gold pieces
  3691 | D:3      | Bought a bubbling blue potion for 17 gold pieces
  4006 | D:4      | Noticed a phantom
  4015 | D:4      | Killed a phantom
  4016 | D:4      | Reached skill level 5 in Fighting
  4016 | D:4      | Reached XP level 6. HP: 40/56 MP: 5/5
  4090 | D:4      | Found a shimmering blue altar of Sif Muna.
  4852 | D:5      | Entered Level 5 of the Dungeon
  4912 | D:5      | Found a blossoming altar of Fedhas.
  5048 | D:5      | Reached XP level 7. HP: 53/61 MP: 6/6
  5057 | D:5      | Reached skill level 7 in Axes
  5152 | D:5      | Found a sparkling altar of Nemelex Xobeh.
  5461 | D:5      | HP: 3/62 [water moccasin (2)]
  5462 | D:5      | Succumbed to a water moccasin's poison

Illustrated notes

Levels and vault maps discovered:
D:1:      minmay_arrival_four_houses, layout_basic, minmay_pentomino_u4
D:2:      kennysheep_six_static_rooms, layout_basic,
          shapermc_ecumenical_altar_hornbeckon, basic_altar, minivault_23,
          uniq_natasha
D:3:      layout_basic, mainiacjoe_overflow_small_starburst,
          mainiacjoe_overflow_divided_tiny, serial_shops,
          nicolae_shop_back_alley_shop, serial_bayou_lake_a
D:4:      layout_loops_ring, mainiacjoe_overflow_alcove_4
D:5:      layout_basic, nemelex_spade_bored_becter, lemuel_crystal_altar,
          sigmund_army

Skill      XL: |  1  2  3  4  5  6  7 |
---------------+----------------------+-----
Axes           | 4 5 6 7 |  7.6
Fighting       | 4 5 |  5.9
Dodging        | 4 |  4.1
Ranged Weapons | 2 3 4 |  4.6

Action                     |  1- 3 |  4- 6 |  7- 9 || total
---------------------------+-------+-------+-------++-------
  Melee: Hand axe          |    60 |    84 |       ||   144
         Headbutt          |    11 |    15 |     6 ||    32
         Halberd           |       |    28 |    28 ||    56
   Fire: Sling             |       |    33 |       ||    33
         Orcbow            |       |    43 |       ||    43
  Throw: Stone             |     9 |       |       ||     9
    Use: Scroll            |       |     3 |       ||     3
         Potion            |       |       |     1 ||     1
 Armour: Robe              |    14 |    24 |       ||    38
         Chain mail        |       |   100 |    41 ||   141
  Dodge: Dodged            |    33 |    81 |    18 ||   132

Table legend: (Time is in decaauts)
 A = Elapsed time spent in this place.
 B = Non-inter-level travel time spent in this place.
 C = Inter-level travel time spent in this place.
 D = Time resting spent in this place.
 E = Time spent auto-exploring this place.
 F = Levels seen in this place.
 G = Mean time per level.
                   A        B        C        D        E       F      G
               +--------+--------+--------+--------+--------+-----+--------+
         Total |   5588 |   5292 |    296 |   1088 |   3446 |   5 | 1117.6 |
       Dungeon |   5588 |   5292 |    296 |   1088 |   3446 |   5 | 1117.6 |
               +--------+--------+--------+--------+--------+-----+--------+

Top non-repeatable levels by time:
     D:2: 1630 daAuts
     D:3: 1483 daAuts
     D:4: 936 daAuts
     D:1: 915 daAuts
     D:5: 622 daAuts
